 Dungeon Crawl Stone Soup version 0.15.2 (webtiles) character file.

133 HiobMontag the Shield-Bearer (level 5, 0/46 HPs)
             Began as a Hill Orc Fighter on Dec 12, 2014.
             Killed from afar by Sigmund (8 damage)
             ... with a wand of frost
             ... on Level 2 of the Dungeon.
             The game lasted 00:08:39 (2059 turns).

HiobMontag the Shield-Bearer (Hill Orc Fighter)     Turns: 2059, Time: 00:08:39

HP   0/46        AC  9     Str 20      XL: 5   Next: 16%
MP   5/5         EV  6     Int  8      God:
Gold 73          SH  9     Dex 10      Spells:  0 memorised,  4 levels left

rFire  . . .     SeeInvis +     p - +0 spear
rCold  . . .     Clarity  .     b - +0 scale mail
rNeg   . . .     rCorr    .     c - +0 shield
rPois  .         rRot     .     (no helmet)
rElec  .         Spirit   .     (no cloak)
SustAb .         Warding  .     n - +0 pair of gloves
rMut   .         Stasis   .     v - +0 pair of boots
Gourm  +                        h - amulet of the gourmand
MR     .....                    l - ring of see invisible
                                k - ring of invisibility

@: not resistant to hostile enchantments, extremely unstealthy
A: no striking features
a: Evoke Invisibility


You were on level 2 of the Dungeon.
You were completely stuffed.

You visited 1 branch of the dungeon, and saw 2 of its levels.

You collected 73 gold pieces.

Inventory:

Hand weapons
 a - a +0 trident
 p - a +0 spear (weapon)
Armour
 b - a +0 scale mail (worn)
 c - a +0 shield (worn)
 n - a +0 pair of gloves (worn)
 v - a +0 pair of boots (worn)
Comestibles
 d - 2 meat rations
 j - 2 bread rations
 o - 2 chunks of gnoll flesh
 r - 2 rotting chunks of hobgoblin flesh
 t - a rotting chunk of worm flesh
 u - a beef jerky
 w - 2 rotting chunks of goblin flesh
 z - a rotting chunk of rat flesh
 A - a chunk of gnoll flesh
Scrolls
 g - a scroll of teleportation {unknown}
 q - a scroll of identify
 s - a scroll of enchant armour {unknown}
Jewellery
 h - an amulet of the gourmand (around neck)
 k - a ring of invisibility (left hand)
 l - a ring of see invisible (right hand)
Potions
 x - a potion of lignification


   Skills:
 + Level 3.9 Fighting
 + Level 2.8 Polearms
 + Level 4.0 Armour
 + Level 1.9 Dodging
 + Level 0.1 Stealth
 + Level 4.3 Shields


You had 4 spell levels left.
You didn't know any spells.

Dungeon Overview and Level Annotations

Branches:
Dungeon (2/15)

Altars:

Annotations:
D:2 Sigmund


Message History

Your +0 pair of boots unmelds from your body.
Your +0 scale mail unmelds from your body.
Sigmund barely misses you.
Use which ability? (? or * to list)
You fail to use your ability.
Sigmund zaps a wand.
The puff of frost hits you!
Use which ability? (? or * to list)
You fail to use your ability.
Sigmund casts a spell.
Sigmund flickers and vanishes for a moment.
Use which ability? (? or * to list)
You fail to use your ability.
Sigmund barely misses you.
Drink which item? (? for menu, Esc to quit)
Okay, then.
Use which ability? (? or * to list)
You fail to use your ability.
Sigmund gestures at you while chanting. The puff of flame hits you!
* * * LOW HITPOINT WARNING * * *
Sigmund zaps a wand.
The puff of frost hits you!
You die...

. .##.#####.# #$.
........... #..
##.#....#. ..
#........ ..
#.......# #r
#.#..#>## #. #.#..#.#
#@######## #.##.#.#
#....@...#####.##.#.#
########............#
############## ## #.
#. #. #. #.


You could see Sigmund (invisible).

Vanquished Creatures
  An adder (D:2)
  7 gnolls
  A worm (D:2)
  3 giant cockroaches (D:1)
  7 goblins
  8 hobgoblins
  10 kobolds
  A quokka (D:2)
  6 bats
  A giant gecko (D:2)
  4 giant newts (D:1)
  2 rats (D:2)
51 creatures vanquished.

Notes
Turn   | Place    | Note
--------------------------------------------------------------
     0 | D:1      | HiobMontag, the Hill Orc Fighter, began the quest for the Orb.
     0 | D:1      | Reached XP level 1. HP: 19/19 MP: 1/1
   190 | D:1      | Reached XP level 2. HP: 24/27 MP: 2/2
   789 | D:1      | Reached XP level 3. HP: 31/33 MP: 3/3
   963 | D:1      | Reached skill level 1 in Dodging
  1331 | D:2      | Reached skill level 4 in Shields
  1331 | D:2      | Reached XP level 4. HP: 29/40 MP: 4/4
  1879 | D:2      | Reached XP level 5. HP: 42/46 MP: 5/5
  2044 | D:2      | Noticed Sigmund
  2059 | D:2      | Killed from afar by Sigmund

Action                   |  1- 3 |  4- 6 || total
-------------------------+-------+-------++-------
Melee: Trident           |   185 |     6 ||   191
       Spear             |       |   102 ||   102
 Abil: Evoke Invisibilit |     1 |       ||     1
       Turn Visible      |     1 |       ||     1
  Use: Scroll            |     2 |     1 ||     3
       Potion            |       |     5 ||     5
  Eat: Chunk             |    11 |     4 ||    15
